[Event "Prebor Prahy druzstev 2005 - Skupina 22"]
[Site "Praha, Kobylisy"]
[Date "2005.03.08"]
[Round "9.6"]
[White "Safranek, David"]
[Black "Weber, Rostislav"]
[Result "1/2-1/2"]
[ECO "B85"]
[WhiteElo "1670"]
[BlackElo "1658"]
[Annotator "Safranek, David"]
[PlyCount "128"]
[TimeControl "30/5400:2400"]

1. e4 c5 2. Nf3 d6 3. d4 cxd4 4. Nxd4 Nf6 5. Nc3 a6 6. Be2 e6 7. O-O Be7 8. Be3
O-O 9. Qe1 {zde jsem zvazoval jeste a4 a f4, coz bylo podle teorie lepsi} Bd7 (
9... b5) (9... Qc7 10. f4 Nc6 11. Qg3) 10. f4 Nc6 11. Qg3 Rc8 {
ted uz jsem premyslel nad pescovym postupem a vehal mezi e a f} 12. f5 $2 (12.
e5 Nd5 13. Nxd5 exd5) 12... e5 $2 (12... Nxd4 13. Bxd4 e5 14. Be3 {
a uplne jsem prehledl} Rxc3 $1 ({pocital jsem totiz jen} 14... Re8 15. Bd3 $14
(15. Bh6 Bf8)) 15. bxc3 Nxe4 16. Qe1 d5 $15) 13. Nf3 {
na b3 by sice mene prekazel, ale stal by hur} Ne8 $2 ({ve hre zustavalo} 13...
Nb4) 14. Nd5 Nd4 (14... Nf6) 15. Nxd4 exd4 16. Bxd4 ({zvazoval jsem} 16. f6
Bxf6 17. Nxf6+ Nxf6 18. Bxd4 Ne8) 16... Nf6 17. Bd3 ({
po tahu jsem si rikal, ze bylo asi lepsi} 17. c3) (17. Bxf6 Bxf6 18. Qxd6)
17... Nh5 18. Qf3 ({jsem to ale slepon, figuru ziskavalo} 18. f6 Nxg3 (18...
Bxf6 19. Nxf6+ Qxf6 20. Rxf6 Nxg3 21. Rxd6 Ba4 22. b3) 19. Nxe7+ Qxe7 20. fxe7
Rfe8 21. hxg3 Rxe7) (18. Qg4 g6 19. Qf3) 18... Nf6 {
no tak si alespon zopakujem tahy, at je jich do 30 min} 19. Qg3 Nh5 20. Qf3 Nf6
21. Rae1 Nxd5 22. exd5 Bf6 23. Qf4 Bxd4+ 24. Qxd4 f6 {
mam pesce navic, ale prosadit ho pujde stezi} 25. Qa7 Qc7 26. Re7 Ra8 27. Qd4
b5 28. Rfe1 Rfe8 $4 29. Kf1 (29. Qg4 $1 g6 30. Qh4 $18 {
a tenhle tah uz jsem bohuzel nevidel}) 29... Rxe7 30. Rxe7 Re8 31. Qe3 Qd8 32.
Rxe8+ Bxe8 33. a4 {at se to trosku zkomplikuje} Kf8 34. Qa7 Qc8 35. Qb6 Ke7 36.
Qe3+ Kf8 37. Qe6 Qc7 38. axb5 Bxb5 39. Bxb5 axb5 40. Qe2 Qc5 ({lepe} 40... Qa5)
41. Qd3 $2 (41. Qe4) 41... Kf7 (41... Qb4 $11) 42. b3 g6 43. fxg6+ hxg6 44. Qe4
Qc8 45. c4 f5 $2 (45... bxc4 46. Qxc4) 46. Qe6+ $1 {
a koncovka je vyhrana za bile} Qxe6 47. dxe6+ Kxe6 48. cxb5 Kd7 (48... Kd5 49.
b4) 49. Ke2 Kc7 50. Kd3 Kb6 51. Kc4 g5 52. Kd5 f4 53. Ke4 $4 {
a z vyhrane koncovky (zapasu) je remiza :-(} ({
asi unava zapricinila, ze jsem uplne vypustil a sel pesce chytat kralem} 53. h3
Kxb5 (53... Kc7 54. b6+ Kxb6 55. Kxd6 Kb5 56. Ke5 Kb4 57. Kf5 Kxb3 58. Kxg5)
54. Kxd6 Kb4 55. Ke5 Kxb3 56. Kf5 Kc4 57. Kxg5 Kd5 58. Kxf4) 53... Kxb5 54. Kf5
$2 ({lepe bylo} 54. h3 {s 2 pesci a damami} Kc5 55. Kf5 Kd4 56. Kxg5 (56. b4 d5
57. b5 Kc5 58. Ke5 d4 59. Ke4 Kc4 60. b6 d3 61. b7 d2 62. b8=Q d1=Q) 56... d5
57. h4 Ke3 58. h5 d4 59. h6 d3 60. h7 d2 61. h8=Q d1=Q {
ale to by vzhledem k casu take skoncilo remizou}) 54... Kb4 55. Kxg5 Kxb3 (
55... d5 56. h4 d4 57. h5 d3 58. h6 d2 59. h7 d1=Q 60. h8=Q) 56. h4 (56. Kxf4
d5 57. g4 d4 58. g5 d3 59. g6 d2 60. g7 d1=Q 61. g8=Q+) 56... d5 57. Kxf4 d4
58. Ke4 Kc3 59. h5 d3 60. h6 d2 61. h7 d1=Q 62. h8=Q+ Kc4 63. Qc8+ Kb5 64. Qf5+
Kc6 {s 5 minutama proti 30 radsi nabizim remizu} 1/2-1/2

[Event "Prebor Prahy druzstev 2005 - Skupina 22"]
[Site "Praha"]
[Date "2005.03.17"]
[Round "10.6"]
[White "Fiala, Jan"]
[Black "Safranek, David"]
[Result "1/2-1/2"]
[ECO "D02"]
[WhiteElo "1798"]
[BlackElo "1670"]
[Annotator "Safranek,David"]
[PlyCount "73"]
[TimeControl "30/5400:0/0:2400"]

1. d4 d5 2. Nf3 Nf6 3. Bf4 c5 4. e3 Nc6 5. h3 Bf5 6. dxc5
e6 7. Bd3 (7. Nd4 Bg6 8. Bb5 Qc8 9. b4) 7... Bxd3 8. Qxd3 Bxc5 9. O-O O-O 10.
c3 Re8 (10... Qe7) (10... Bd6 11. Bxd6 Qxd6 12. c4 Nb4) 11. Ne5 (11. Bg5 h6 12.
Bh4 Be7 (12... Qb6 13. Bxf6 Qxb2 14. Nbd2 gxf6 15. Rfb1 Qa3) 13. Nbd2) 11...
Qb6 12. b3 (12. Nd2 Rac8) 12... Nxe5 (12... Bd6 {se mi nelibilo} {kvuli} 13.
Nd7 (13. Nxc6 Bxf4 14. Nd4 Bb8) 13... Nxd7 14. Bxd6 Rac8) 13. Bxe5 Nd7 14. Bd4
({cekal jsem spis} 14. Bh2) 14... Rac8 15. b4 Bxd4 16. exd4 a5 17. a3 Rc7 18.
Ra2 Rec8 19. Re2 Nf6 20. Re3 Ne4 21. Rd1 Qc6 ({pesce mohlo ziskat} 21... axb4
22. cxb4 Rc4 23. Re2 Nd6 24. Red2 Nf5 25. Qf3 Rxd4 $19) 22. Qe2 Qa4 23. Rdd3
Qb3 24. Qe1 Nd6 25. bxa5 Nc4 26. Rg3 (26. Nd2 Qxa3 27. Nxc4 Rxc4 28. f4 Rf8 29.
f5 {s nebezpecnou hrou bileho na kralovskem kridle} exf5 30. Re5) 26... Qa4 27.
Kh2 Qxa5 28. Qc1 Qb6 29. h4 Qd6 30. h5 f6 31. f4 e5 {dost odvazne} 32. fxe5
fxe5 33. dxe5 Nxe5 34. Rd4 {je jediny tah} Rf8 35. Rf4 $4 (35. Qd1 Rf5 36. Rxd5
Ng4+) 35... Rcf7 $4 $19 {za stavu 4:2(3) jsem v lepsi pozici nabidl remizu,
kterou souper prijal, zvitezili jsme a postoupili do 1. tridy!} (35... Rxf4 36.
Qxf4 {a vubec me nenapadl tah} Rc4 $19 {po kterem je rozhodnuto}) {
stalo by se asi} 36. Rxf7 Rxf7 37. Qd1 1/2-1/2

[Event "Prebor Prahy druzstev 2005 - Skupina 22"]
[Site "Praha"]
[Date "2005.04.07"]
[Round "11.5"]
[White "Peceny, Miroslav"]
[Black "Bernasek, Prokop"]
[Result "1-0"]
[ECO "D02"]
[WhiteElo "1769"]
[BlackElo "1666"]
[PlyCount "69"]
[TimeControl "30/5400:2400"]

1. Nf3 d5 2. g3 c6 3. Bg2 Nf6 4. d4 Bg4 5. O-O Nbd7 6. h3 Bh5 7. Qd3 Bg6 8. Qb3
Qb6 9. c4 dxc4 10. Qxc4 e6 11. Nc3 Bd6 12. Nh4 Qc7 13. Nxg6 hxg6 14. Qd3 Rd8
15. e4 Nb6 16. Bg5 Be5 17. Qc2 $2 Bxd4 18. Nb5 Qe5 (18... Qxg3 19. Bxf6 (19.
Nxd4 Qxg5) 19... Rxh3 20. Nc7+ Qxc7 21. Bxh3 gxf6) 19. Nxd4 Qxg5 20. Rad1 O-O
21. Nf3 Qa5 22. e5 Nh5 $2 23. Rxd8 Rxd8 24. Re1 Nd5 25. a3 Qb6 26. Kh2 Ne7 27.
Re4 Nd5 28. Rh4 Kf8 29. Ng5 Ne3 $4 30. Nxe6+ $2 (30. fxe3 $1 Qxe3 31. Ne4 $16)
30... fxe6 31. Qxg6 $4 (31. fxe3 Qxe3 32. Rg4 Rd2 $17) 31... Nxg2 $4 (31...
Nf1+ $1 32. Bxf1 (32. Kg1 Rd2) (32. Kh1 Rd1) 32... Qxf2+ 33. Bg2 Rd2 34. Rf4+
Nxf4 35. gxf4 Qxf4+ 36. Qg3 Qxg3+ 37. Kxg3 Rxb2) 32. Rxh5 Qxf2 33. Rh8+ Ke7 34.
Qxg7+ Qf7 35. Qg5+ 1-0

[Event "Prebor Prahy druzstev 2005 - Skupina 22"]
[Site "Praha"]
[Date "2005.04.07"]
[Round "11.6"]
[White "Safranek, David"]
[Black "Palatka, Petr"]
[Result "1-0"]
[ECO "C65"]
[WhiteElo "1670"]
[BlackElo "1738"]
[Annotator "Safranek,David"]
[PlyCount "81"]
[TimeControl "30/5400:2400"]

{dobiham k partii s 25 minutovym zpozdenim} 1. e4 e5 2. Nf3 Nc6 3. Bb5 Bc5 4.
O-O Nf6 5. Re1 $2 {odboceni z teorie dovoluje cernemu ziskat nepatrne lepsi
pozici  cerny toho nevyuzil a zahral} ({teoreticky spravne bylo} 5. c3) 5...
O-O (5... Ng4 6. Re2 Nd4 7. Nxd4 Bxd4 8. Qe1 c6 9. Bc4 O-O 10. h3 Nf6 11. d3
$11) 6. c3 d5 $6 ({klidnejsi bylo} 6... Re8 $14) 7. exd5 (7. Bxc6 bxc6 8. exd5
(8. Nxe5 dxe4 9. d4 exd3 10. Nxd3 $11) 8... e4 $15) 7... Qxd5 (7... Nxd5 8.
Bxc6 bxc6 9. Nxe5 $16) 8. Bxc6 bxc6 (8... Qxc6 9. Nxe5 Qe6 10. d4 Bd6 $16) 9.
Nxe5 (9. Rxe5 Bxf2+ 10. Kh1 Qd3) 9... Bxf2+ 10. Kxf2 Ne4+ 11. Kg1 (11. Rxe4
Qxe4 12. d4) 11... Qxe5 12. Qe2 ({bal jsem se rovnou zahrat} 12. d3 {kvuli}
Qc5+ 13. Be3 Qb5 14. dxe4 Qxb2 {prehlidl jsem} 15. Qd2 (15. Nd2 Qxc3 16. Rc1
Qa5 17. Rxc6 Qxa2 {se mi nezdalo}) 15... Qxa1 16. Na3) 12... Re8 13. d3 Ba6 14.
Qe3 ({jeste jsem zvazoval} 14. c4 Bxc4 15. dxc4 f5) 14... Bxd3 15. Qxd3 Nc5 (
15... Rad8 16. Qf3 f5) 16. Rxe5 ({lepe} 16. Qe3 Qxe3+ 17. Rxe3 Rad8 18. Kf1)
16... Nxd3 17. Rxe8+ Rxe8 18. Bd2 Nxb2 19. Na3 Re2 20. Re1 Rxe1+ 21. Bxe1 Nd3
22. Bd2 Kf8 23. Kf1 ({lepe} 23. Be3) 23... Ke7 24. Ke2 Nc5 25. Be3 Na4 26. Kd3
a6 27. Nc4 g6 28. Kc2 Ke6 29. Kb3 Kd5 30. Kxa4 Kxc4 31. Bd4 c5 32. Be5 f5 33.
Ka5 g5 34. Kxa6 Kd5 35. Bxc7 Kc6 36. Bd8 h6 37. a4 ({rychlejsi bylo} 37. Bxg5
hxg5 38. c4 g4 39. g3 $18) 37... f4 38. h3 {pouceni z predchozi partie} ({
abych zamezil} 38. a5 g4 39. Ka7 f3 40. gxf3 gxf3 41. Bh4) 38... Kd7 39. Kb7 ({
slo i} 39. Bxg5 hxg5 40. Kb7) 39... Kxd8 40. a5 h5 41. a6 1-0